 Dungeon Crawl Stone Soup version 0.26-a0-646-g5d7718319a (webtiles) character file.

Game seed: 8046839474108462319

298 Gargoyl the Skirmisher (level 6, -1/79 HPs)
             Began as a Gnoll Abyssal Knight on Sept 24, 2020.
             Was a Believer of Lugonu.
             Killed from afar by an orc wizard (4 damage)
             ... with a puff of flame
             ... on level 4 of the Dungeon.
             The game lasted 00:05:46 (2412 turns).

Gargoyl the Skirmisher (Gnoll Abyssal Knight)       Turns: 2412, Time: 00:05:47

Health: -1/79      AC: 10    Str: 16    XL:     6   Next: 35%
Magic:  9/9        EV:  3    Int: 14    God:    Lugonu [**....]
Gold:   197        SH:  0    Dex: 15    Spells: 8/8 levels left

rFire    . . .     SeeInvis .   a - +2 hand axe
rCold    . . .     Faith    .   h - +2 tower shield
rNeg     . . .     Spirit   .   c - +1 chain mail
rPois    .         Reflect  .   (no helmet)
rElec    .         Harm     .   (no cloak)
rCorr    .         Rampage  .   (no gloves)
MR       .....                  (no boots)
Stlth    ..........             (no amulet)
HPRegen  0.23/turn              (no ring)
MPRegen  0.11/turn              (no ring)

@: confused, brilliant, berserking, lethally poisoned (-1 -> -2), flying, very
quick
A: distributed training, fangs 1, strong nose
a: Depart the Abyss, Bend Space, Renounce Religion


You were on level 4 of the Dungeon.
You worshipped Lugonu.
Lugonu was pleased with you.
You visited 1 branch of the dungeon, and saw 4 of its levels.
You visited the Abyss 1 time.

You collected 197 gold pieces.

Inventory:

Hand Weapons
 a - a +2 hand axe (weapon)
Missiles
 i - 8 javelins
 q - 19 poisoned darts (quivered)
Armour
 c - a +1 chain mail (worn)
 h - a +2 tower shield (worn)
Scrolls
 d - a scroll of identify
 f - 2 scrolls of remove curse
 g - 2 scrolls of fear
 m - 2 scrolls of magic mapping
Potions
 b - 2 potions of stabbing
 j - a potion of brilliance
 k - a potion of flight
 n - a potion of mutation {unknown}
 p - a potion of magic {unknown}


   Skills:
 + Level 6.8 Fighting
 + Level 1.9 Short Blades
 + Level 1.9 Long Blades
 + Level 5.0 Axes
 + Level 1.9 Maces & Flails
 + Level 1.9 Polearms
 + Level 1.9 Staves
 + Level 1.9 Slings
 + Level 1.9 Bows
 + Level 1.9 Crossbows
 + Level 1.9 Throwing
 + Level 5.0 Armour
 + Level 3.2 Dodging
 + Level 1.9 Stealth
 + Level 1.9 Shields
 + Level 1.9 Unarmed Combat
 + Level 1.9 Spellcasting
 + Level 1.5 Conjurations
 + Level 1.5 Hexes
 + Level 1.5 Summonings
 + Level 1.5 Necromancy
 + Level 1.5 Translocations
 + Level 1.5 Transmutations
 + Level 1.5 Fire Magic
 + Level 1.5 Ice Magic
 + Level 1.5 Air Magic
 + Level 1.5 Earth Magic
 + Level 1.5 Poison Magic
 + Level 5.0 Invocations
 + Level 1.9 Evocations


You had 8 spell levels left.
You didn't know any spells.
Your spell library was empty.

Dungeon Overview and Level Annotations

Branches:
Dungeon (4/15)
 Temple: D:4-7

Altars:
Elyvilon
Gozag
Hepliaklqana
Sif Muna
Wu Jian

Shops:
D:3 *


Innate Abilities, Weirdness & Mutations

Your experience applies equally to all skills.
You have very sharp teeth.
Your uncanny sense of smell can sniff out nearby items.


Message History

You feel sick.
You hear some strange, mumbled words.
A puff of flame appears from out of thin air!
The puff of flame hits you but does no damage.
It was a potion of brilliance.
You feel clever all of a sudden.
It was a potion of flight.
You feel very buoyant.
You fly up into the air.
You hear some strange, mumbled words.
A puff of flame appears from out of thin air!
The puff of flame hits you.
* * * LOW HITPOINT WARNING * * *
It was a potion of berserk rage.
A red film seems to cover your vision as you go berserk!
You feel yourself moving faster!
You feel mighty!
You hear some strange, mumbled words.
A puff of flame appears from out of thin air!
The puff of flame hits you.
You die...

#.# ##.####
...........# ....<.#
#...........# ....).#
#...........# ...[).#
#...........#
......###...........#
...(....+...........#
......###...........#
..............){@...#
.#######.#####...####
.# # #..)#.# .#
#.#.#.# .# # #.#.# .#
#.#.# .# #.#.# .#
#.#.# .# #.#.#


There were no monsters in sight!

Vanquished Creatures
  A sky beast (D:3)
  An orc priest (D:4)
  An orc wizard (D:4)
  A worker ant (D:3)
  6 adders
  An ooze (D:1)
  2 worms
  A dart slug (D:1)
  8 orcs
  2 ball pythons
  2 giant cockroaches
  4 goblins
  6 hobgoblins
  3 jackals (D:3)
  A quokka (D:2)
  10 bats
  5 frilled lizards
  A jackal skeleton (D:4)
  A kobold (D:1)
  6 rats
63 creatures vanquished.

Vanquished Creatures (others)
  2 starspawn tentacles (Abyss:2)
2 creatures vanquished.

Grand Total: 65 creatures vanquished

Notes
Turn   | Place    | Note
-------+----------+-------------------------------------------
     0 | Abyss:1  | Gargoyl the Gnoll Abyssal Knight began the quest for the
                  | Orb.
     0 | Abyss:1  | Reached XP level 1. HP: 23/23 MP: 3/3
    15 | Abyss:2  | Found a corrupted altar of Lugonu.
    38 | Abyss:2  | Noticed a small abomination
    60 | Abyss:2  | Noticed a tentacled starspawn
    65 | D:1      | Escaped the Abyss
   223 | D:1      | Reached XP level 2. HP: 29/29 MP: 5/5
   438 | D:1      | Reached * piety under Lugonu
   503 | D:1      | Reached XP level 3. HP: 34/35 MP: 6/6
   829 | D:2      | Found a shimmering blue altar of Sif Muna.
   829 | D:2      | Found a white marble altar of Elyvilon.
   847 | D:2      | Reached skill level 1 in Short Blades
   847 | D:2      | Reached skill level 1 in Long Blades
   847 | D:2      | Reached skill level 1 in Maces & Flails
   847 | D:2      | Reached skill level 1 in Polearms
   847 | D:2      | Reached skill level 1 in Staves
   847 | D:2      | Reached skill level 1 in Slings
   847 | D:2      | Reached skill level 1 in Bows
   847 | D:2      | Reached skill level 1 in Crossbows
   847 | D:2      | Reached skill level 1 in Throwing
   847 | D:2      | Reached skill level 1 in Stealth
   847 | D:2      | Reached skill level 1 in Shields
   847 | D:2      | Reached skill level 1 in Unarmed Combat
   847 | D:2      | Reached skill level 1 in Spellcasting
   847 | D:2      | Reached skill level 1 in Evocations
   859 | D:2      | Found an ornate altar of the Wu Jian Council.
  1075 | D:2      | Reached XP level 4. HP: 38/41 MP: 7/7
  1448 | D:3      | Found a faded altar of an unknown god.
  1547 | D:3      | Reached skill level 1 in Conjurations
  1547 | D:3      | Reached skill level 1 in Hexes
  1547 | D:3      | Reached skill level 1 in Summonings
  1547 | D:3      | Reached skill level 1 in Necromancy
  1547 | D:3      | Reached skill level 1 in Translocations
  1547 | D:3      | Reached skill level 1 in Transmutations
  1547 | D:3      | Reached skill level 1 in Fire Magic
  1547 | D:3      | Reached skill level 1 in Ice Magic
  1547 | D:3      | Reached skill level 1 in Air Magic
  1547 | D:3      | Reached skill level 1 in Earth Magic
  1547 | D:3      | Reached skill level 1 in Poison Magic
  1738 | D:3      | Found a hazy altar of Hepliaklqana.
  1963 | D:3      | Found an opulent altar of Gozag.
  1966 | D:3      | Found Gozag's Platinum Reserve.
  2011 | D:3      | Noticed a sky beast
  2039 | D:3      | Killed a sky beast
  2039 | D:3      | Reached ** piety under Lugonu
  2039 | D:3      | Reached XP level 5. HP: 36/47 MP: 8/8
  2205 | D:3      | Reached skill level 5 in Invocations
  2205 | D:3      | Reached XP level 6. HP: 40/53 MP: 9/9
  2404 | D:4      | Reached skill level 5 in Axes
  2404 | D:4      | Reached skill level 5 in Armour
  2411 | D:4      | HP: 2/53 [something/puff of flame (6)]
  2412 | D:4      | Killed from afar by an orc wizard

Illustrated notes

Levels and vault maps discovered:
D:1:      dpeg_arrival_tiny_a, layout_rooms
D:2:      layout_rooms, overflow_temple_1_default,
          gammafunk_temple_overflow_elements
D:3:      layout_loops_cross, nicolae_gozag_zags_fifth_avenue,
          marbit_many_paths, chequers_ecumenical_altar_island,
          ebering_dispersal_statue_hall, minmay_misc_feat_five
D:4:      layout_basic, roderic_roman_lattice, cheibrodos_gnoll_hut

Skill      XL: |  1  2  3  4  5  6 |
---------------+-------------------+-----
Short Blades   | 1 |  1.9
Long Blades    | 1 |  1.9
Maces & Flails | 1 |  1.9
Polearms       | 1 |  1.9
Staves         | 1 |  1.9
Slings         | 1 |  1.9
Bows           | 1 |  1.9
Crossbows      | 1 |  1.9
Throwing       | 1 |  1.9
Stealth        | 1 |  1.9
Shields        | 1 |  1.9
Unarmed Combat | 1 |  1.9
Spellcasting   | 1 |  1.9
Evocations     | 1 |  1.9
Conjurations   | 1 |  1.5
Hexes          | 1 |  1.5
Summonings     | 1 |  1.5
Necromancy     | 1 |  1.5
Translocations | 1 |  1.5
Transmutations | 1 |  1.5
Fire Magic     | 1 |  1.5
Ice Magic      | 1 |  1.5
Air Magic      | 1 |  1.5
Earth Magic    | 1 |  1.5
Poison Magic   | 1 |  1.5
Dodging        | 3 |  3.2
Invocations    | 5 |  5.0
Axes           | 5 |  5.0
Armour         | 5 |  5.0
Fighting       | |  6.8

Action                   |  1- 3 |  4- 6 || total
-------------------------+-------+-------++-------
Melee: Hand axe          |    99 |   153 ||   252
       Bite              |    11 |    20 ||    31
Throw: Javelin           |       |     3 ||     3
       Dart              |       |     2 ||     2
Invok: Depart the Abyss  |     1 |       ||     1
  Use: Scroll            |     8 |     4 ||    12
       Potion            |       |     4 ||     4
Armor: Chain mail        |    74 |    93 ||   167
Dodge: Dodged            |    18 |    15 ||    33
Block: Tower shield      |    62 |   127 ||   189

Table legend: (Time is in decaauts)
 A = Elapsed time spent in this place.
 B = Non-inter-level travel time spent in this place.
 C = Inter-level travel time spent in this place.
 D = Time resting spent in this place.
 E = Time spent auto-exploring this place.
 F = Levels seen in this place.
 G = Mean time per level.
                   A        B        C        D        E       F      G
               +--------+--------+--------+--------+--------+-----+--------+
         Total |   2467 |   2430 |     37 |    354 |   1349 |   6 |  411.2 |
       Dungeon |   2403 |   2366 |     37 |    354 |   1333 |   4 |  600.8 |
         Abyss |     64 |     64 |      0 |      0 |     16 |   2 |   32.0 |
               +--------+--------+--------+--------+--------+-----+--------+

Top non-repeatable levels by time:
     D:3: 1071 daAuts
     D:2: 660 daAuts
     D:1: 561 daAuts
     D:4: 110 daAuts
 Abyss:2: 49 daAuts
 Abyss:1: 15 daAuts
